Map: Crimson Court LE

Players

A.I. 1 (Very Easy)

  • Race: Zerg Zerg
  • Spawn Location: 1:00

BuRny - Winner!

  • Race: Terran Terran
  • Spawn Location: 7:00

VOD

https://youtu.be/16-HYRZCd64

Description

Time

  • Played on: July 24, 2024, 11:57 a.m.
  • Length: 9:08
Show
View Real Time Build Order
Export as new Build Order

A.I. 1 (Very Easy) Zerg 

Build Orders: Pool Only 

Get SALT Encoding   

  12  0:01  Drone  
  13  0:12  Overlord  
  13  0:16  Drone  
  14  0:35  Spawning Pool  
  14  0:36  Extractor  
  14  0:40  Drone  
  13  0:47  Drone  
  14  0:52  Overlord  
  14  1:22  Zergling x2  
  14  1:23  Queen  
  17  1:30  Roach Warren  
  16  1:33  Drone  
  16  1:38  Extractor  
  16  1:41  Zergling x2  
  16  1:42  Drone  
  18  1:55  Drone  
  18  2:01  Zergling x2  
  20  2:05  Drone  
  21  2:16  Drone  
  22  2:27  Drone  
  23  2:30  Overlord  
  23  2:34  Drone  
  24  2:41  Drone  
  25  5:13  Drone  
  24  5:20  Drone  
  24  5:21  Zergling x2  
  22  5:27  Drone  
  20  5:35  Drone  
  19  5:40  Zergling x2  
  19  5:42  Drone  
  21  5:49  Drone  
  20  5:54  Lair  
  20  5:56  Drone  
  19  6:03  Drone, Zergling x2  
  20  6:11  Drone  
  19  6:18  Drone  
  17  6:25  Drone  
  15  6:26  Zergling x2  
  15  6:32  Drone  
  15  6:39  Drone  
  14  6:46  Drone  
  14  6:49  Zergling x2  
  14  6:51  Overseer  
  14  6:53  Drone  
  15  6:54  Overseer, Spire  
  15  7:01  Drone  
  14  7:08  Drone  
  13  7:12  Zergling x2  
  13  7:15  Drone  
  14  7:22  Drone  
  13  7:30  Drone  
  13  7:35  Zergling x2  
  12  7:37  Drone  
  12  7:44  Drone  
  10  7:51  Drone  
  10  7:57  Zergling x2  
  10  7:58  Drone  
  10  8:07  Drone  
  9  8:18  Drone  
  9  8:20  Zergling x2  
  9  8:25  Drone  
  10  8:32  Drone  
  10  8:40  Drone  
  10  8:43  Zergling x2  
  10  8:47  Drone  
Show
View Real Time Build Order
Export as new Build Order

BuRny Terran - Winner!

Build Orders: Liberator Opening, Reaper Expand 

Get SALT Encoding   

  12  0:00  SCV  
  13  0:12  SCV  
  14  0:17  Supply Depot  
  14  0:24  SCV  
  15  0:38  SCV  
  15  0:40  Barracks  
  16  0:43  Refinery  
  16  0:51  SCV  
  17  1:03  SCV  
  18  1:15  SCV  
  19  1:27  Orbital Command, Reaper  
  20  1:39  Command Center  
  20  1:48  Supply Depot  
  20  1:52  SCV  
  21  1:59  Marine  
  22  2:04  SCV  
  23  2:13  Factory  
  23  2:17  SCV  
  23  2:20  Barracks Reactor  
  24  2:29  SCV  
  25  2:38  Command Center  
  25  2:41  SCV  
  26  2:50  Orbital Command  
  26  2:53  SCV  
  27  3:02  Starport  
  28  3:05  SCV  
  28  3:10  Hellion  
  30  3:13  Hellion  
  30  3:17  SCV x2  
  34  3:29  SCV  
  34  3:30  SCV  
  34  3:31  Hellion  
  38  3:34  Hellion  
  40  3:41  SCV  
  40  3:42  SCV  
  40  3:44  Liberator  
  40  3:47  Refinery  
  45  3:50  Orbital Command  
  45  3:54  SCV x2  
  45  3:55  Hellion  
  49  3:57  Hellion  
  49  4:02  Supply Depot  
  51  4:06  SCV x2, Barracks Tech Lab  
  51  4:09  Orbital Command  
  53  4:18  SCV x2  
  55  4:25  Stimpack, Supply Depot, Marine  
  55  4:30  SCV  
  55  4:31  SCV, Starport Reactor  
  58  4:32  Barracks  
  58  4:35  Barracks  
  58  4:39  SCV  
  58  4:42  SCV  
  58  4:43  SCV  
  61  4:46  Engineering Bay x2  
  61  4:47  Refinery  
  61  4:49  Marine  
  61  4:50  Refinery, Factory Reactor  
  61  4:51  SCV  
  63  4:54  SCV  
  63  4:55  SCV  
  65  5:03  SCV  
  65  5:04  Supply Depot  
  65  5:05  Supply Depot  
  65  5:06  SCV  
  67  5:07  SCV  
  67  5:11  Marine  
  69  5:15  SCV  
  69  5:16  Terran Infantry Weapons Level 1, Terran Infantry Armor Level 1  
  69  5:18  SCV  
  69  5:19  SCV  
  72  5:25  Barracks  
  72  5:26  Supply Depot  
  72  5:27  Marine x2  
  74  5:28  Barracks  
  74  5:29  Marine  
  74  5:33  SCV x3  
  74  5:35  Factory Tech Lab, Marine x2  
  80  5:36  Medivac x2  
  84  5:45  SCV x2, Supply Depot, Marine  
  84  5:46  SCV  
  84  5:47  Supply Depot  
  84  5:48  Marine  
  89  5:53  Marine  
  89  5:54  Marine  
  91  5:57  SCV  
  91  5:58  SCV x2  
  91  6:00  Marine  
  91  6:03  Marine  
  96  6:06  Refinery  
  96  6:09  SCV  
  96  6:10  SCV  
  98  6:14  SCV, Supply Depot  
  98  6:17  Medivac x2, Marine x2, Armory  
  98  6:18  Supply Depot, Marine  
  107  6:20  Barracks Reactor x2, Combat Shield  
  107  6:22  Supply Depot, Marine  
  107  6:23  Marine  
  108  6:29  Siege Tank  
  111  6:33  SCV  
  111  6:35  Marine x2  
  111  6:36  Marine  
  115  6:40  Marine  
  115  6:43  Barracks  
  115  6:44  Barracks  
  115  6:45  Marine  
  117  6:48  Barracks, Medivac x2  
  117  6:53  Marine x2  
  123  6:54  Marine  
  123  6:58  Command Center, Marine  
  123  7:01  Marine x4  
  127  7:03  Marine  
  127  7:05  Siege Tank  
  133  7:11  Marine  
  133  7:15  Marine x3  
  135  7:18  Marine  
  135  7:19  Marine  
  135  7:22  Supply Depot  
  139  7:24  Supply Depot  
  139  7:27  Supply Depot x2, Marine x2  
  139  7:28  Supply Depot  
  139  7:29  Marine  
  143  7:32  Marine  
  143  7:33  Marine x3  
  143  7:36  Medivac  
  149  7:43  Medivac  
  151  7:44  Marine x5  
  151  7:45  Marine  
  151  7:46  Marauder  
  151  7:50  Siege Tank  
  151  7:51  Marine x3  
  162  7:56  Marine x2  
  166  8:02  Marine x4  
  166  8:03  Marine x2  
  172  8:05  Medivac  
  172  8:09  Marine x3  
  178  8:13  Medivac  
  178  8:14  Marine  
  178  8:15  Marine  
  178  8:17  Marauder  
  178  8:18  Concussive Shells  
  178  8:19  Marine  
  183  8:20  Marine x4  
  183  8:21  Marine  
  183  8:26  Marine  
  183  8:27  Marine x2  
  190  8:31  Marine  
  190  8:32  Marine  
  194  8:37  Marine x2  
  194  8:38  Marine x2  
  194  8:39  Marauder  
  200  8:52  Command Center  
  200  8:57  Command Center  
  200  8:58  Barracks Tech Lab  
  200  8:59  Barracks Tech Lab x2  
  200  9:04  Ghost Academy  
  200  9:05  Refinery  
Tags
 
Add a new tag
Caveats
  • Supply blocks, unpowered buildings, or Contaminate may cause inaccurate times.
  • Supply counts are checked every 10 seconds.